 Dungeon Crawl Stone Soup version 0.32-a0-132-g2d33c3cfaf (webtiles) character file.

Game seed: 12065327339160151124

1479 cforsyth the Trooper (level 9, 0/69 HPs)
             Began as a Djinni Hexslinger on Feb 9, 2024.
             Engulfed by a cloud of flame (5 damage)
             ... in an ossuary.
             The game lasted 00:09:03 (4166 turns).

cforsyth the Trooper (Djinni Hexslinger)            Turns: 4166, Time: 00:09:04

Health: 0/69       AC:  2    Str:  7    XL:     9   Next: 6%
Gold:   111        EV: 13    Int: 19    God:
                   SH:  0    Dex: 22

rFire   + + .        a - +1 sling
rCold   . . .        (no shield)
rNeg    . . .        c - +0 robe
rPois   ∞            (no helmet)
rElec   .            (no cloak)
rCorr   .            (no gloves)
SInv    .            (boots unavailable)
Will    .....        (no amulet)
Stlth   ++           C - ring of protection from cold
HPRegen 0.31/turn    D - +6 ring of dexterity
MPRegen 0.00/turn

%: infuse magic (-1 HP)
@: flying
A: sickness immunity, fire resistance 2, cold vulnerability 1, float, innate
caster, HP casting, extra vitality 1
a: no special abilities


You were in an ossuary.
You visited 1 branch of the dungeon, and saw 5 of its levels.
You also visited: Ossuary.

You collected 219 gold pieces.
You spent 108 gold pieces at shops.


Innate Abilities, Weirdness & Mutations

You are immune to sickness and miasma.
You are immune to poison.
Your flesh is very heat resistant. (rF++)
You are vulnerable to cold. (rC-)
You float through the air rather than walking.
You learn spells naturally, not from books.
Your magical power is your life essence.
You have superior vitality. (+4 MHP)


   Skills:
 + Level 7.7 Fighting
 - Level 1.5 Ranged Weapons
 - Level 2.1 Dodging
 + Level 6.3 Spellcasting
 + Level 6.3 Conjurations
 + Level 6.3 Hexes
 + Level 6.3 Summonings
 + Level 6.3 Necromancy
 + Level 6.3 Translocations
 + Level 6.3 Fire Magic
 + Level 6.3 Ice Magic
 + Level 6.3 Air Magic
 + Level 6.3 Earth Magic
 + Level 6.3 Alchemy


You knew the following spells:

 Your Spells              Type           Power      Damage    Failure   Level
a - Kiss of Death         Conj/Necr      100%       2d13      1%          1
b - Flame Wave            Conj/Fire      30%        2d9       9%          4
c - Cause Fear            Hex            15%        N/A       9%          4
e - Ensorcelled Hibernat  Hex/Ice        60%        N/A       1%          2
f - Inner Flame           Hex/Fire       30%        N/A       2%          3
t - Teleport Other        Tloc           30%        N/A       2%          3
X - Jinxbite              Hex            60%        N/A       1%          2
Y - Sigil of Binding      Hex            30%        N/A       2%          3
Z - Dimensional Bullseye  Hex/Tloc       15%        N/A       9%          4
Your spell library was empty.

Inventory:

Hand Weapons
 a - a +1 sling (weapon)
Armour
 c - a +0 robe (worn)
 n - a +1 pair of gloves
Magical Staves
 e - a staff of death {!a}
Jewellery
 C - a ring of protection from cold (left hand)
 D - a +6 ring of dexterity (right hand)
 Z - a ring of wizardry
Wands
 g - a wand of roots (5)
Scrolls
 b - 2 scrolls of poison
 d - a scroll of identify {@r1}
 f - a scroll of immolation
 h - 6 scrolls of teleportation {@r2}
 k - a scroll of silence {!r}
 l - a scroll of vulnerability

Dungeon Overview and Level Annotations

Branches:
Dungeon (5/15)            Ossuary (1/1)
 Temple: D:4-7

Altars:
Elyvilon
Ru

Shops:
D:3 [   D:4 ?

Annotations:
D:4 3 runed translucent doors, DeathSocks's ghost, amateur AtFi

▒...ß...▒...ß...'.∩.▒
▒.......▒...▒...▒...▒
▒▒ß...ß▒▒▒▒▒▒▒▒▒▒▒▒▒▒
▒.......▒...▒...▒...▒
▒...ß...'...▒...'...▒
▒...▒...▒...▒...▒...▒
▒▒▒▒▒▒▒▒▒▒'▒▒▒▒▒▒▒'▒▒
..▒...▒§§§▒.....▒.....▒
..ß...'§@§▒.....▒.....▒
.....▒§§§▒.....ß.....▒
... ▒▒'▒▒...........▒ .
▒...▒...........▒
▒...▒▒▒ß.....ß▒▒▒
▒...▒...........▒
▒▒▒▒▒▒'▒▒...........▒
▒!.M▒...▒.....ß.....▒
+!..▒...'.....▒.....▒


There were no monsters in sight!


Message History

You shoot a sling bullet.
The sling bullet barely misses the scorpion.
The sling bullet hits the scorpion.
The scorpion is moderately wounded.
The scorpion stings you.
* * * LOW HITPOINT WARNING * * *
The scorpion stings you.
* * * LOW HITPOINT WARNING * * *
Unknown command.
You shoot a sling bullet. The sling bullet hits the scorpion.
Flame seeps out of the scorpion.
The scorpion is severely wounded.
The scorpion closely misses you.
The scorpion is engulfed in blazing flames.
The scorpion explodes!
The fiery explosion engulfs you! You resist.
* * * LOW HITPOINT WARNING * * *
The fiery explosion engulfs the scorpion!!!
You kill the scorpion!
You have reached level 9!
Your experience leads to an increase in your attributes!
Your base attributes are Str 7, Int 17, Dex 16.
Increase (S)trength, (I)ntelligence, or (D)exterity?
You feel clever. x2
The power to cast Flame Wave wells up from within.
Spell assigned to 'b'.
You are engulfed in blazing flames.
You resist.
* * * LOW HITPOINT WARNING * * *
You are engulfed in blazing flames.
You resist.
You die...

Skill      XL: |  1  2  3  4  5  6  7  8 |
---------------+-------------------------+-----
Spellcasting   | 3 4 5 6 |  6.3
Conjurations   | 3 4 5 6 |  6.3
Hexes          | 3 4 5 6 |  6.3
Summonings     | 3 4 5 6 |  6.3
Necromancy     | 3 4 5 6 |  6.3
Translocations | 3 4 5 6 |  6.3
Fire Magic     | 3 4 5 6 |  6.3
Ice Magic      | 3 4 5 6 |  6.3
Air Magic      | 3 4 5 6 |  6.3
Earth Magic    | 3 4 5 6 |  6.3
Alchemy        | 3 4 5 6 |  6.3
Fighting       | 2 3 4 5 7 |  7.7
Ranged Weapons | |  1.5
Dodging        | |  2.1

Action                     |  1- 3 |  4- 6 |  7- 9 || total
---------------------------+-------+-------+-------++-------
   Fire: Sling             |    85 |   119 |   100 ||   304
   Cast: Jinxbite          |     1 |     6 |     7 ||    14
         Inner Flame       |       |    14 |    35 ||    49
    Use: Potion            |       |     4 |     1 ||     5
         Scroll            |       |       |     8 ||     8
 Armour: Robe              |    31 |    29 |    54 ||   114
  Dodge: Dodged            |    40 |    28 |    18 ||    86

Levels and vault maps discovered:
D:1:      dpeg_arrival_ternary, layout_basic, hangedman_decor_riveting,
          minmay_fountain_box, grunt_decor_one_mirror, minmay_pentomino_w4
D:2:      layout_rooms, glass_columns_b
D:3:      layout_loops_cross, serial_shops, shop, dk_noncrumbling_3,
          serial_bayou_pond_d
D:4:      layout_rooms, nicolae_overflow_crystal_walls,
          mainiacjoe_overflow_boulevard, serial_shops, kennysheep_mini_moat,
          gammafunk_ghost_split, chequers_serial_rivers_room_a, uniq_sigmund,
          uniq_ijyb
D:5:      layout_loops_ring, mainiacjoe_ossuary_entry_dusty_tomb,
          ebering_ghost_rock_garden, serial_library_hellmonk_h_bend
Ossuary:  ossuary_minmay_scorpions

Notes
Turn   | Place    | Note
-------+----------+-------------------------------------------
     0 | D:1      | cforsyth the Djinni Hexslinger began the quest for the Orb.
     0 | D:1      | cforsyth set off with the following spells memorised:
                  | Jinxbite, Sigil of Binding, Inner Flame, Cause Fear,
                  | Dimensional Bullseye.
     0 | D:1      | Reached XP level 1. HP: 17/17 MP: 0/0
    56 | D:1      | Reached XP level 2. HP: 18/22 MP: 0/0
   104 | D:1      | Reached skill level 3 in Spellcasting
   104 | D:1      | Reached skill level 3 in Conjurations
   104 | D:1      | Reached skill level 3 in Hexes
   104 | D:1      | Reached skill level 3 in Summonings
   104 | D:1      | Reached skill level 3 in Necromancy
   104 | D:1      | Reached skill level 3 in Translocations
   104 | D:1      | Reached skill level 3 in Fire Magic
   104 | D:1      | Reached skill level 3 in Ice Magic
   104 | D:1      | Reached skill level 3 in Air Magic
   104 | D:1      | Reached skill level 3 in Earth Magic
   104 | D:1      | Reached skill level 3 in Alchemy
   357 | D:1      | Reached skill level 2 in Fighting
   357 | D:1      | Reached XP level 3. HP: 24/28 MP: 0/0
   357 | D:1      | Learned a level 1 spell: Kiss of Death
   786 | D:2      | Reached XP level 4. HP: 22/34 MP: 0/0
  1240 | D:3      | Reached skill level 3 in Fighting
  1252 | D:3      | Reached XP level 5. HP: 6/40 MP: 0/0
  1252 | D:3      | Learned a level 2 spell: Ensorcelled Hibernation
  2015 | D:3      | Found Gablur's Armour Shop.
  2076 | D:4      | Noticed an ogre
  2083 | D:4      | Killed an ogre
  2084 | D:4      | Reached skill level 4 in Fighting
  2084 | D:4      | Reached skill level 4 in Spellcasting
  2084 | D:4      | Reached skill level 4 in Conjurations
  2084 | D:4      | Reached skill level 4 in Hexes
  2084 | D:4      | Reached skill level 4 in Summonings
  2084 | D:4      | Reached skill level 4 in Necromancy
  2084 | D:4      | Reached skill level 4 in Translocations
  2084 | D:4      | Reached skill level 4 in Fire Magic
  2084 | D:4      | Reached skill level 4 in Ice Magic
  2084 | D:4      | Reached skill level 4 in Air Magic
  2084 | D:4      | Reached skill level 4 in Earth Magic
  2084 | D:4      | Reached skill level 4 in Alchemy
  2084 | D:4      | Reached XP level 6. HP: 29/47 MP: 0/0
  2231 | D:4      | Found a white marble altar of Elyvilon.
  2241 | D:4      | Noticed Sigmund
  2249 | D:4      | Killed Sigmund
  2250 | D:4      | Reached XP level 7. HP: 43/53 MP: 0/0
  2250 | D:4      | Learned a level 3 spell: Teleport Other
  2316 | D:4      | Reached skill level 5 in Fighting
  2581 | D:4      | Found a sacrificial altar of Ru.
  2624 | D:4      | Found Zophiceup's Magic Scroll Emporium.
  2627 | D:4      | Bought a scroll of identify for 24 gold pieces
  2627 | D:4      | Bought a scroll of identify for 24 gold pieces
  2627 | D:4      | Bought a scroll of teleportation for 36 gold pieces
  2627 | D:4      | Bought a scroll of identify for 24 gold pieces
  2677 | D:4      | Noticed DeathSocks's ghost (amateur AtFi)
  2678 | D:4      | Found a runed translucent gate.
  2679 | D:4      | Found a runed translucent gate.
  2693 | D:4      | Found a runed translucent gate.
  2701 | D:4      | Noticed Ijyb
  2705 | D:4      | Killed Ijyb
  2987 | D:5      | Entered Level 5 of the Dungeon
  3058 | D:5      | Reached skill level 5 in Spellcasting
  3058 | D:5      | Reached skill level 5 in Conjurations
  3058 | D:5      | Reached skill level 5 in Hexes
  3058 | D:5      | Reached skill level 5 in Summonings
  3058 | D:5      | Reached skill level 5 in Necromancy
  3058 | D:5      | Reached skill level 5 in Translocations
  3058 | D:5      | Reached skill level 5 in Fire Magic
  3058 | D:5      | Reached skill level 5 in Ice Magic
  3058 | D:5      | Reached skill level 5 in Air Magic
  3058 | D:5      | Reached skill level 5 in Earth Magic
  3058 | D:5      | Reached skill level 5 in Alchemy
  3105 | D:5      | Reached XP level 8. HP: 23/61 MP: 0/0
  3238 | D:5      | Found a sand-covered staircase.
  3247 | Ossuary  | Entered an ossuary
  3280 | Ossuary  | Reached skill level 6 in Fighting
  3759 | Ossuary  | Reached skill level 7 in Fighting
  4143 | Ossuary  | Reached skill level 6 in Spellcasting
  4143 | Ossuary  | Reached skill level 6 in Conjurations
  4143 | Ossuary  | Reached skill level 6 in Hexes
  4143 | Ossuary  | Reached skill level 6 in Summonings
  4143 | Ossuary  | Reached skill level 6 in Necromancy
  4143 | Ossuary  | Reached skill level 6 in Translocations
  4143 | Ossuary  | Reached skill level 6 in Fire Magic
  4143 | Ossuary  | Reached skill level 6 in Ice Magic
  4143 | Ossuary  | Reached skill level 6 in Air Magic
  4143 | Ossuary  | Reached skill level 6 in Earth Magic
  4143 | Ossuary  | Reached skill level 6 in Alchemy
  4165 | Ossuary  | Reached XP level 9. HP: 9/69 MP: 0/0
  4165 | Ossuary  | Learned a level 4 spell: Flame Wave
  4165 | Ossuary  | HP: 4/69 [cloud of flame (5)]
  4166 | Ossuary  | Engulfed by a cloud of flame

Vanquished Creatures
  Sigmund (D:4)
  A black bear (D:4)
  An ogre (D:4)
  A phantom (D:5)
  7 scorpions (Ossuary)
  A howler monkey (D:5)
  3 centaur zombies (Ossuary)
  A jelly (D:5)
  3 human zombies (Ossuary)
  A hound (D:4)
  Ijyb (D:4)
  5 scorpion zombies (Ossuary)
  A mummy (Ossuary)
  6 gnolls (D:3)
  3 adders
  2 adder zombies (Ossuary)
  5 dart slugs
  A ribbon worm (D:3)
  5 orcs (D:3)
  A ball python (D:1)
  3 endoplasms
  A giant cockroach (D:4)
  A gnoll zombie (Ossuary)
  11 goblins
  11 hobgoblins
  14 jackals
  6 quokkas
  4 ball python zombies (Ossuary)
  2 frilled lizards
  2 jackal zombies (Ossuary)
  2 kobolds (D:2)
  3 orc zombies (Ossuary)
  10 rats
120 creatures vanquished.

Table legend: (Time is in decaauts)
 A = Elapsed time spent in this place.
 B = Non-inter-level travel time spent in this place.
 C = Inter-level travel time spent in this place.
 D = Time resting spent in this place.
 E = Time spent auto-exploring this place.
 F = Levels seen in this place.
 G = Mean time per level.
                   A        B        C        D        E       F      G
               +--------+--------+--------+--------+--------+-----+--------+
         Total |   4260 |   4182 |     78 |   1138 |   2218 |   6 |  710.0 |
       Dungeon |   3323 |   3245 |     78 |    503 |   2108 |   5 |  664.6 |
       Ossuary |    937 |    937 |      0 |    635 |    110 |   1 |  937.0 |
               +--------+--------+--------+--------+--------+-----+--------+

Top non-repeatable levels by time:
     D:3: 978 daAuts
 Ossuary: 937 daAuts
     D:4: 930 daAuts
     D:1: 676 daAuts
     D:2: 474 daAuts
     D:5: 263 daAuts

Table legend:
 A = Non-vault XP
 B = Vault XP
 C = Vault XP percentage of total XP
 D = Non-vault monster count
 E = Vault monster count
 F = Vault count percentage of total count
                 A         B        C        D         E       F
            +---------+---------+-------+---------+---------+-------
      Total |     760 |    1353 |  64.0 |      80 |      40 |  33.3
            +---------+---------+-------+---------+---------+-------
        D:1 |      32 |      13 |  28.9 |      18 |       7 |  28.0
        D:2 |      37 |       0 |   0.0 |      16 |       0 |   0.0
        D:3 |     146 |       0 |   0.0 |      29 |       0 |   0.0
        D:4 |     334 |     264 |  44.1 |      13 |       2 |  13.3
        D:5 |     211 |       0 |   0.0 |       4 |       0 |   0.0
    Ossuary |       0 |    1076 | 100.0 |       0 |      31 | 100.0
            +---------+---------+-------+---------+---------+-------
